 Dungeon Crawl Stone Soup version 0.23.2-40-g277498a001 (webtiles) character file.

Game seed: 15354640169981437219

114 Curus the Twirler (level 4, -2/33 HPs)
             Began as a Demonspawn Gladiator on Oct 9, 2019.
             Was an Initiate of Okawaru.
             Slain by an orc wizard
             ... wielding a +0 dagger
              (3 damage)
             ... on level 3 of the Dungeon.
             The game lasted 00:08:12 (1851 turns).

Curus the Twirler (Demonspawn Gladiator)            Turns: 1851, Time: 00:08:13

Health: -2/33      AC:  6    Str: 15    XL:     4   Next: 67%
Magic:  4/4        EV: 12    Int:  9    God:    Okawaru [......]
Gold:   114        SH:  0    Dex: 15    Spells: 3/3 levels left

rFire    + . .     SeeInvis .   a - +0 quarterstaff
rCold    . . .     Gourm    .   (shield currently unavailable)
rNeg     . . .     Faith    .   b - +1 leather armour
rPois    .         Spirit   .   (helmet restricted)
rElec    .         Reflect  .   (no cloak)
rCorr    .         Harm     .   (no gloves)
MR       +....                  (no boots)
Stlth    +.........             g - amulet of magic regeneration
HPRegen  0.11/turn              e - ring of protection from magic
MPRegen  0.34/turn              j - ring of protection from fire

@: no status effects
A: antennae 1, icy blue scales 1
a: Renounce Religion


You were on level 3 of the Dungeon.
You worshipped Okawaru.
Okawaru was noncommittal.
You were not hungry.

You visited 1 branch of the dungeon, and saw 3 of its levels.

You collected 114 gold pieces.

Inventory:

Hand Weapons
 a - a +0 quarterstaff (weapon)
Missiles
 d - 3 throwing nets (quivered)
Armour
 b - a +1 leather armour (worn)
 c - a +1 helmet
Jewellery
 e - a ring of protection from magic (left hand)
 g - an amulet of magic regeneration (around neck)
 j - a ring of protection from fire (right hand)
Scrolls
 h - 2 scrolls of amnesia
 k - a scroll of remove curse
Comestibles
 f - 4 rations
 i - 2 chunks of flesh


   Skills:
 - Level 2.0 Fighting
 + Level 5.0 Staves
 - Level 1.7 Throwing
 - Level 2.6 Dodging


You had 3 spell levels left.
You didn't know any spells.
Your spell library was empty.

Dungeon Overview and Level Annotations

Branches:
Dungeon (3/15)

Altars:
Cheibriados
Okawaru
Wu Jian


Innate Abilities, Weirdness & Mutations

You have a pair of small antennae on your head.
You are partially covered in icy blue scales. (AC +2)


Message History

You start resting.
You hear the slow rusting of a very distant drain.
You start resting.
The orc wizard is too close now for your liking.
Things that are here:
a +0 dagger; a +0 leather armour You closely miss the orc wizard.
The orc wizard is moderately wounded.
The orc wizard casts a spell at you. The magic dart hits you!
* * * LOW HITPOINT WARNING * * *
Unknown command.
Unknown command.
You hit the orc wizard.
The orc wizard is severely wounded.
The orc wizard hits you but does no damage.
You hit the orc wizard.
The orc wizard is almost dead.
The orc wizard hits you with a +0 dagger.
You die...

#...............##
..[##.......##.#
#..##.......##.#
#..##.......##.#
####..#........##.##
..................>#
####...............#
#....o..).##[......#
...##.@###.###......##
#...##..##.......#
#.#)###........#.#
...#..######........
...#.##.# #.....###
..###. .# #....## . ..
.. ....... .. ...
####..### ... #..#


You could see an orc wizard.

Vanquished Creatures
  3 adders (D:2)
  An ooze (D:2)
  3 worms
  A dart slug (D:1)
  2 leopard geckos
  3 orcs (D:3)
  4 bats
  5 giant cockroaches
  7 hobgoblins
  9 jackals
  A quokka (D:2)
  4 frilled lizards
  6 goblins
  9 kobolds
  4 rats
62 creatures vanquished.

Notes
Turn   | Place    | Note
-------+----------+-------------------------------------------
     0 | D:1      | Curus the Demonspawn Gladiator began the quest for the Orb.
     0 | D:1      | Reached XP level 1. HP: 16/16 MP: 1/1
   109 | D:1      | Reached skill level 3 in Staves
   182 | D:1      | Gained mutation: You are partially covered in icy blue
                  | scales. (AC +2) [demonic ancestry]
   182 | D:1      | Reached XP level 2. HP: 19/22 MP: 2/2
   921 | D:1      | Gained mutation: You have a pair of small antennae on your
                  | head. [demonic ancestry]
   921 | D:1      | Reached XP level 3. HP: 27/27 MP: 3/3
   988 | D:2      | Reached skill level 4 in Staves
  1041 | D:2      | Found a snail-covered altar of Cheibriados.
  1148 | D:2      | Found an iron altar of Okawaru.
  1157 | D:2      | Reached XP level 4. HP: 33/33 MP: 4/4
  1161 | D:2      | Became a worshipper of Warmaster Okawaru
  1268 | D:2      | Found an ornate altar of the Wu Jian Council.
  1830 | D:3      | Reached skill level 5 in Staves
  1849 | D:3      | HP: 1/33 [orc wizard/magic dart (11)]
  1851 | D:3      | Slain by an orc wizard

Skill      XL: |  1  2  3  4 |
---------------+-------------+-----
Staves         | 3 4 5 |  5.0
Fighting       | |  2.0
Throwing       | |  1.7
Dodging        | |  2.6

Action                   |  1- 3 |  4- 6 || total
-------------------------+-------+-------++-------
Melee: Quarterstaff      |   116 |    74 ||   190
  Use: Scroll            |     6 |     2 ||     8
       Potion            |     1 |     2 ||     3
 Stab: Sleeping          |       |     1 ||     1
  Eat: Chunk             |     1 |     2 ||     3
Armor: Leather armour    |    28 |    21 ||    49
Dodge: Dodged            |    65 |    54 ||   119
